 Dungeon Crawl Stone Soup version 0.31-a0-117-g42d8f58691 (webtiles) character file.

Game seed: 10268201873073207792

13723 mopl the Thaumaturge (level 11, 0/67 HPs)
             Began as a Deep Elf Ice Elementalist on May 30, 2023.
             Was an Elder of Vehumet.
             Slain by a merfolk (15 damage)
             ... on level 12 of the Dungeon.
             The game lasted 00:23:25 (9206 turns).

mopl the Thaumaturge (Deep Elf Ice Elementalist)    Turns: 9206, Time: 00:23:26

Health: 0/67       AC: 20    Str:  5    XL:     11   Next: 79%
Magic:  37/38      EV: 11    Int: 25    God:    Vehumet [****..]
Gold:   515        SH:  0    Dex: 12    Spells: 18/35 levels left

rFire   x . .        a - +2 mace "Furphuc" {pain, rPois}
rCold   + . .        (no shield)
rNeg    + + .        U - +3 ring mail "Ridghaom" {rElec rN++ Regen+ Dex-3}
rPois   +            (no helmet)
rElec   +            E - +0 cloak
rCorr   .            K - +0 pair of gloves
SInv    .            Z - +0 pair of boots
Will    +....        P - amulet of magic regeneration
Stlth   ++           d - ring of magical power
HPRegen 1.11/turn    y - ring of ice
MPRegen 0.66/turn

%: no passive effects
@: ice-armoured, freezing walls
A: no striking features
a: Renounce Religion


You were on level 12 of the Dungeon.
You worshipped Vehumet.
Vehumet was greatly pleased with you.
You visited 2 branches of the dungeon, and saw 13 of its levels.

You collected 515 gold pieces.

Inventory:

Hand Weapons
 a - the +2 mace "Furphuc" (weapon) {pain, rPois}
   (You found it on level 2 of the Dungeon)

   rPois:     It protects you from poison.
 b - the +1 spear of Sloth {freeze, rCorr Str+5 Dex-5}
   (You found it on level 5 of the Dungeon)

   Str:       It affects your strength (+5).
   Dex:       It affects your dexterity (-5).
   rCorr:     It protects you from acid and corrosion.
 N - a +0 broad axe of flaming
Missiles
 f - 27 poisoned darts
 G - a curare-tipped dart
 T - 5 boomerangs
 V - a silver boomerang
Armour
 s - a +0 troll leather armour
 E - a +0 cloak (worn)
 K - a +0 pair of gloves (worn)
 M - +0 swamp dragon scales
 U - the +3 ring mail "Ridghaom" (worn) {rElec rN++ Regen+ Dex-3}
   (You found it on level 8 of the Dungeon)

   Dex:       It affects your dexterity (-3).
   rElec:     It insulates you from electricity.
   rN:        It greatly protects you from negative energy.
   Regen:     It increases your rate of health regeneration.
 Z - a +0 pair of boots (worn)
Jewellery
 d - a ring of magical power (left hand)
 x - a ring of flight
 y - a ring of ice (right hand)
 A - a +5 ring of evasion
 H - an amulet of regeneration
 P - an amulet of magic regeneration (around neck)
 R - a ring of willpower
 Y - a ring of protection from fire
Wands
 F - a wand of polymorph (7)
 I - a wand of flame (25)
 L - a wand of quicksilver (2)
 X - a wand of mindburst (11)
Scrolls
 e - 3 scrolls of teleportation {unknown}
 i - a scroll of fear {unknown}
 l - 6 scrolls of identify
 o - 2 scrolls of blinking {unknown}
 p - a scroll of torment {unknown}
 t - 2 scrolls of noise {unknown}
 u - 2 scrolls of enchant armour {unknown}
 v - 3 scrolls of vulnerability {unknown}
 w - 3 scrolls of magic mapping {unknown}
 B - 3 scrolls of amnesia {unknown}
 J - 2 scrolls of immolation {unknown}
 O - 5 scrolls of enchant weapon {unknown}
 Q - a scroll of fog {unknown}
 S - a scroll of poison {unknown}
 W - a scroll of silence {unknown}
Potions
 c - a potion of might
 g - 2 potions of brilliance {unknown}
 h - a potion of lignification {!q}
 j - 4 potions of cancellation {unknown}
 k - 7 potions of curing {unknown}
 m - 2 potions of heal wounds
 n - a potion of haste
 q - 2 potions of invisibility {unknown}
 r - 2 potions of berserk rage {unknown}
 z - 3 potions of enlightenment {unknown}
 C - 2 potions of resistance {unknown}
 D - 3 potions of magic


   Skills:
 + Level 7.1 Fighting
 + Level 3.7 Armour
 + Level 7.8 Dodging
 - Level 5.8 Stealth
 + Level 12.5 Spellcasting
 + Level 4.8 Conjurations
 + Level 11.1 Ice Magic
 + Level 1.1 Air Magic
 + Level 4.7 Evocations


You had 18 spell levels left.
You knew the following spells:

 Your Spells              Type           Power      Damage    Failure   Level
a - Freeze                Ice            100%       1d10      1%          1
b - Frozen Ramparts       Ice            100%       1d16      1%          3
c - Static Discharge      Conj/Air       60%        2-5/arc   1%          2
d - Hailstorm             Conj/Ice       70%        3d15      1%          3
s - Ozocubu's Armour      Ice            82%        N/A       1%          3
C - Freezing Cloud        Conj/Ice/Air   30%        6-21      11%         5

Your spell library contained the following spells:

 Spells                   Type           Power      Damage    Failure   Level
 Magic Dart               Conj           100%       1d8       1%          1
 Stone Arrow              Conj/Erth      54%        3d10      5%          3
 Mephitic Cloud           Conj/Pois/Air  25%        N/A       6%          3
 Beastly Appendage        Tmut           30%        N/A       16%         1
 Slow                     Hex            60%        N/A       16%         1
 Ice Form                 Ice/Tmut       60%        N/A       16%         4
 Summon Ice Beast         Ice/Summ       60%        N/A       16%         4
 Call Imp                 Summ           30%        N/A       24%         2
 Wereblood                Tmut           15%        N/A       24%         2
 Airstrike                Air            10%        2d(2-18)  24%         4
 Arcjolt                  Conj/Air       15%        1d25      32%         5
 Vhi's Electric Charge    Tloc/Air       36%        N/A       36%         3
 Confusing Touch          Hex            15%        N/A       43%         3
 Spider Form              Tmut/Pois      15%        N/A       43%         3
 Vampiric Draining        Necr           15%        2d7       43%         3
 Summon Lightning Spire   Summ/Air       18%        N/A       77%         4
 Animate Armour           Summ/Erth      30%        N/A       85%         4
 Simulacrum               Ice/Necr       30%        N/A       94%         6
 Lehudib's Crystal Spear  Conj/Erth      13%        10d5      100%        8
 Maxwell's Capacitive Co  Air            10%        ∞         100%        8


Dungeon Overview and Level Annotations

Branches:
Dungeon (12/15)            Temple (1/1) D:5            Lair (0/5) D:8
    Orc (0/2) D:9

Altars:
Ashenzari
Cheibriados
Dithmenos
Elyvilon
Fedhas
Gozag
Hepliaklqana
Kikubaaqudgha
Makhleb
Nemelex Xobeh
Okawaru
Qazlal
Ru
Sif Muna
Trog
Uskayaw
Vehumet
Wu Jian
Xom
Yredelemnul
Zin
The Shining One


Message History

Unknown command.
Casting: Frozen Ramparts (safe; 1% risk of failure)
Confirm with . or Enter, or press ? or * to list all spells.
You feel a surge of power! A film of ice covers your body!
You feel a surge of power!
You freeze the cyclops!
The cyclops is moderately wounded.
The wall freezes the cyclops!!
The cyclops misses you.
You feel a surge of power!
You freeze the cyclops!
The cyclops is almost dead.
The wall freezes the cyclops but does no damage.
The cyclops hits you!!
You feel a surge of power!
You freeze the cyclops!
You kill the cyclops!
Vehumet accepts your kill.
You feel your power returning.
The cyclops throws a large rock.
The large rock hits you!!
* * * LOW HITPOINT WARNING * * *
You are too injured to fight recklessly!
Your icy armour and frozen ramparts will break if you move.
Continue?
Okay, then.
Okay, then.
Aiming: Polymorph
Press: ? - help, Shift-Dir - straight line, f - cyclops
Aim: a cyclops, quivering large rocks (will become a floating eye, a merfolk, or an anaconda, chance to affect: 43%)
The cyclops resists with some effort.
Aiming: Polymorph
Press: ? - help, Shift-Dir - straight line, f/p - cyclops
Aim: a cyclops, quivering large rocks (will become a floating eye, a merfolk, or an anaconda, chance to affect: 43%)
The cyclops evaporates and reforms as a merfolk!
Unknown command.
The wall freezes the merfolk.
Casting: Freeze (safe; 1% risk of failure)
Confirm with . or Enter, or press ? or * to list all spells.
Aiming: Freeze (safe; 1% risk of failure)
Press: ? - help, Shift-Dir - straight line, f/p - merfolk
Aim: a merfolk (lightly wounded)
You feel a surge of power!
You freeze the merfolk.
The merfolk is lightly wounded.
The wall freezes the merfolk!
The merfolk hits you!
You die...

..........#
..........#
#........#
#........#
.#....(...# #. ...
..........# #.....
..........# #....
##...####m# #...K
#.
#@######+#.#'#####
#..........#.....#
#..........#......
#.....8...8.......
#####...).........
#..._)........
#..[..........
#.8...........
#..<...#......


You could see a merfolk.

Vanquished Creatures
  An ugly thing (D:11)
  2 manticores (D:11)
  A cyclops (D:12)
  2 gargoyles
  Joseph (D:8)
  2 kobold demonologists
  Maggie (D:8)
  3 unseen horrors
  A komodo dragon (D:11)
  A rime drake (D:8)
  2 polar bears (D:8)
  3 trolls
  A hornet (D:8)
  A shadow (D:10)
  A wraith (D:11)
  20 yaks
  A wyvern (D:7)
  An acid dragon (D:11)
  2 water moccasins
  Duvessa (D:6)
  4 orc warriors
  A sky beast (D:5)
  5 ice beasts
  3 wolves (D:8)
  2 ogres (D:5)
  3 centaurs
  3 kobold brigands
  Blork the orc (D:6)
  3 bullfrogs
  A scorpion (D:7)
  13 wights
  Dowan (D:6)
  12 killer bees
  2 howler monkeys (D:7)
  Crazy Yiuf (D:5)
  2 orc priests
  A hound (D:5)
  2 jellies (D:5)
  2 gnoll boudas
  3 iguanas
  3 sleepcaps
  9 orc wizards
  3 gnolls (D:4)
  4 adders
  2 shadow imps
  A white imp (D:8)
  2 ufetubi (D:6)
  A worm (D:5)
  2 dart slugs
  31 orcs
  4 ball pythons
  5 bats
  5 endoplasms
  2 giant cockroaches
  6 goblins
  6 hobgoblins
  7 jackals
  3 quokkas
  6 frilled lizards
  20 kobolds
  A rat (D:2)
236 creatures vanquished.

Notes
Turn   | Place    | Note
-------+----------+-------------------------------------------
     0 | D:1      | mopl the Deep Elf Ice Elementalist began the quest for the
                  | Orb.
     0 | D:1      | Reached XP level 1. HP: 10/10 MP: 6/6
   100 | D:1      | Reached XP level 2. HP: 4/15 MP: 5/8
   384 | D:1      | Reached skill level 3 in Stealth
   527 | D:1      | Reached skill level 3 in Dodging
   527 | D:1      | Reached XP level 3. HP: 19/19 MP: 10/10
   548 | D:1      | Learned a level 3 spell: Frozen Ramparts
   552 | D:1      | Learned a level 3 spell: Ozocubu's Armour
   953 | D:2      | Identified the +2 mace "Furphuc" {pain, rPois}
  1071 | D:2      | Found a glowing golden altar of the Shining One.
  1195 | D:2      | Found a faded altar of an unknown god.
  1204 | D:2      | Reached XP level 4. HP: 24/24 MP: 11/11
  1785 | D:4      | Reached skill level 4 in Spellcasting
  1843 | D:3      | Reached skill level 5 in Ice Magic
  1875 | D:3      | Reached skill level 4 in Stealth
  1875 | D:3      | Reached XP level 5. HP: 7/28 MP: 13/13
  2158 | D:4      | Reached skill level 4 in Dodging
  2481 | D:5      | Entered Level 5 of the Dungeon
  2530 | D:5      | Noticed an ice beast
  2584 | D:5      | Killed an ice beast
  2585 | D:5      | Reached skill level 5 in Spellcasting
  2585 | D:5      | Reached XP level 6. HP: 25/32 MP: 15/15
  2634 | D:5      | Found a staircase to the Ecumenical Temple.
  2649 | D:5      | Reached skill level 5 in Stealth
  2656 | Temple   | Entered the Ecumenical Temple
  2723 | Temple   | Became a worshipper of Vehumet
  2749 | D:5      | Found a bloodstained altar of Trog.
  2757 | D:5      | Found a stormy altar of Qazlal.
  2757 | D:5      | Noticed a sky beast
  2767 | D:5      | Killed a sky beast
  2884 | D:5      | Reached skill level 5 in Dodging
  2910 | D:5      | Found a broken altar of Ashenzari.
  2910 | D:5      | Found a shimmering altar of Xom.
  2944 | D:5      | Reached skill level 6 in Ice Magic
  2944 | D:5      | Reached XP level 7. HP: 14/36 MP: 17/17
  3043 | D:5      | Identified the +1 spear of Sloth {freeze, rCorr Str+5
                  | Dex-5}
  3090 | D:5      | Found a burning altar of Makhleb.
  3200 | D:5      | Reached skill level 6 in Spellcasting
  3270 | D:5      | Found a sparkling altar of Nemelex Xobeh.
  3334 | D:5      | Found a runed translucent door.
  3335 | D:5      | Noticed Crazy Yiuf
  3495 | D:5      | Killed Crazy Yiuf
  3683 | D:6      | Noticed Blork the orc
  3694 | D:6      | Killed Blork the orc
  3695 | D:6      | Reached skill level 1 in Fighting
  3964 | D:6      | Reached * piety under Vehumet
  3964 | D:6      | Offered knowledge of Sandblast by Vehumet.
  4167 | D:6      | Reached XP level 8. HP: 42/44 MP: 20/20
  4211 | D:6      | Reached skill level 7 in Spellcasting
  4289 | D:6      | Reached skill level 2 in Fighting
  4289 | D:6      | Reached skill level 7 in Ice Magic
  4293 | D:6      | Noticed Dowan
  4294 | D:6      | Noticed Duvessa
  4305 | D:6      | Killed Duvessa
  4321 | D:6      | Killed Dowan
  4801 | D:7      | Reached skill level 3 in Fighting
  4852 | D:7      | Reached skill level 8 in Spellcasting
  4965 | D:7      | Reached skill level 8 in Ice Magic
  5280 | D:7      | Reached XP level 9. HP: 38/49 MP: 23/23
  5290 | D:7      | Reached skill level 9 in Spellcasting
  5355 | D:7      | Reached skill level 4 in Fighting
  5362 | D:7      | Found a white marble altar of Elyvilon.
  5810 | D:8      | Noticed Joseph
  5814 | D:8      | Noticed a polar bear
  5814 | D:8      | Noticed a rime drake
  5815 | D:8      | Noticed Maggie
  5816 | D:8      | Killed a rime drake
  5816 | D:8      | Offered knowledge of Kiss of Death by Vehumet.
  5816 | D:8      | Noticed a polar bear
  5817 | D:8      | Reached ** piety under Vehumet
  5818 | D:8      | Reached skill level 9 in Ice Magic
  5818 | D:8      | Killed Joseph
  5819 | D:8      | Reached skill level 5 in Fighting
  5819 | D:8      | Reached skill level 10 in Spellcasting
  5821 | D:8      | Killed a polar bear
  5822 | D:8      | Killed Maggie
  5826 | D:8      | Killed a polar bear
  5827 | D:8      | Reached XP level 10. HP: 48/60 MP: 26/26
  5830 | D:8      | Reached skill level 11 in Spellcasting
  5851 | D:8      | Reached skill level 10 in Ice Magic
  5995 | D:8      | Learned a level 2 spell: Static Discharge
  6134 | D:8      | Learned a level 3 spell: Hailstorm
  6310 | D:8      | Reached skill level 6 in Fighting
  6692 | D:8      | Reached skill level 1 in Conjurations
  6692 | D:8      | Reached skill level 1 in Evocations
  6705 | D:8      | Found a staircase to the Lair.
  6759 | D:8      | Found a hazy altar of Hepliaklqana.
  6774 | D:8      | Identified the +3 ring mail "Ridghaom" {rElec rN++ Regen+
                  | Dex-3}
  7010 | D:9      | Reached skill level 1 in Armour
  7015 | D:9      | Offered knowledge of Dazzling Flash by Vehumet.
  7047 | D:9      | Found an ornate altar of the Wu Jian Council.
  7613 | D:9      | Found a staircase to the Orcish Mines.
  7639 | D:10     | Entered Level 10 of the Dungeon
  7719 | D:10     | Found a hide-covered altar of Uskayaw.
  7776 | D:10     | Noticed a gargoyle
  7782 | D:10     | Killed a gargoyle
  7783 | D:10     | Reached skill level 6 in Dodging
  7783 | D:10     | Reached skill level 2 in Conjurations
  7783 | D:10     | Reached skill level 2 in Evocations
  7858 | D:10     | Reached *** piety under Vehumet
  7987 | D:10     | Reached skill level 2 in Armour
  8066 | D:10     | Reached skill level 3 in Conjurations
  8066 | D:10     | Reached skill level 3 in Evocations
  8144 | D:10     | Reached XP level 11. HP: 59/66 MP: 28/28
  8383 | D:11     | Offered knowledge of Fulminant Prism by Vehumet.
  8440 | D:11     | Noticed a red ugly thing
  8449 | D:11     | Killed a red ugly thing
  8450 | D:11     | Reached skill level 7 in Dodging
  8450 | D:11     | Reached skill level 12 in Spellcasting
  8462 | D:11     | Identified the +0 ring mail of the Seven Xalams {rPois
                  | Will- Int+3}
  8601 | D:11     | Reached skill level 3 in Armour
  8664 | D:11     | Reached skill level 4 in Conjurations
  8668 | D:11     | Reached skill level 4 in Evocations
  8940 | D:11     | Reached skill level 11 in Ice Magic
  8941 | D:11     | Reached **** piety under Vehumet
  8954 | D:11     | Reached skill level 7 in Fighting
  8984 | D:11     | Offered knowledge of Freezing Cloud by Vehumet.
  8991 | D:11     | Learned a level 5 spell: Freezing Cloud
  9083 | D:12     | Found a faded altar of an unknown god.
  9126 | D:11     | Noticed a sun demon
  9168 | D:11     | Reached skill level 1 in Air Magic
  9206 | D:12     | Slain by a merfolk

Illustrated notes

Levels and vault maps discovered:
D:1:      dpeg_arrival_rooms_with_view, layout_basic
D:2:      layout_rooms, basic_altar, hellmonk_ecumenical_altar_arch_garden
D:3:      layout_basic, roderic_roman_lattice
D:4:      layout_gridville
D:5:      wad_pebble_path, layout_rooms, nemelex_dance_club_becter,
          mainiacjoe_overflow_divided_tiny, lemuel_round_altar,
          nicolae_qazlal_beasts_of_the_sky, mainiacjoe_overflow_tiny_flanked,
          minmay_temple_entry_antechambers, uniq_crazy_yiuf_cottage
D:6:      layout_loops_corners, uniq_blork_the_orc, uniq_duvessa
D:7:      layout_basic, kennysheep_little_box
D:8:      layout_basic, kennysheep_mini, hellmonk_lair_entry_icy,
          grunt_decor_fettered, minmay_misc_feat_iff, kennysheep_kite_vault,
          uniq_maggie, uniq_joseph
D:9:      layout_basic, nicolae_overflow_crystal_walls, orc_0_dummy
D:10:     layout_basic, nicolae_uskayaw_dance_hall
D:11:     layout_loops_cross, minmay_tree_intersection, minmay_door_square
D:12:     layout_irregular_city, serial_column_ruins, column_ruins_temple_hall,
          column_ruins_hut, column_ruins_open_small_water, column_ruins_grid_3,
          column_ruins_open_tiny, column_ruins_corridor_dead_end,
          column_ruins_columns_water, dreamdust_mushroom_princess
Temple:   nicolae_temple_x_marks_the_god

Skill      XL: |  1  2  3  4  5  6  7  8  9 10 11 |
---------------+----------------------------------+-----
Stealth        | 3 4 5 |  5.8
Dodging        | 3 4 5 6 7 |  7.8
Spellcasting   | 4 5 6 8 10 11 12 | 12.5
Ice Magic      | 5 6 8 9 10 11 | 11.1
Fighting       | 1 3 5 6 7 |  7.1
Conjurations   | 3 4 |  4.8
Evocations     | 3 4 |  4.7
Armour         | 2 3 |  3.7
Air Magic      | 1 |  1.1

Action                     |  1- 3 |  4- 6 |  7- 9 | 10-12 || total
---------------------------+-------+-------+-------+-------++-------
  Melee: Unarmed           |     6 |       |       |       ||     6
         Punch             |     1 |     2 |     2 |     1 ||     6
         Mace              |     3 |    32 |    29 |    58 ||   122
         Spear             |       |       |    37 |       ||    37
   Cast: Freeze            |    65 |    72 |    72 |   175 ||   384
         Frozen Ramparts   |       |     1 |    23 |    36 ||    60
         Ozocubu's Armour  |       |     1 |    15 |    25 ||    41
         Hailstorm         |       |       |       |    16 ||    16
         Static Discharge  |       |       |       |     4 ||     4
  Evoke: Wand              |       |       |     9 |     6 ||    15
    Use: Scroll            |       |       |       |     5 ||     5
   Stab: Sleeping          |       |       |     1 |       ||     1
 Armour: Robe              |     3 |    30 |    33 |    22 ||    88
         Ring mail         |       |       |       |   141 ||   141
  Dodge: Dodged            |    31 |    49 |   117 |   157 ||   354

Table legend: (Time is in decaauts)
 A = Elapsed time spent in this place.
 B = Non-inter-level travel time spent in this place.
 C = Inter-level travel time spent in this place.
 D = Time resting spent in this place.
 E = Time spent auto-exploring this place.
 F = Levels seen in this place.
 G = Mean time per level.
                   A        B        C        D        E       F      G
               +--------+--------+--------+--------+--------+-----+--------+
         Total |   9270 |   8922 |    348 |   1546 |   5332 |  13 |  713.1 |
       Dungeon |   9192 |   8869 |    323 |   1546 |   5286 |  12 |  766.0 |
        Temple |     77 |     52 |     25 |      0 |     46 |   1 |   77.0 |
               +--------+--------+--------+--------+--------+-----+--------+

Top non-repeatable levels by time:
     D:8: 1231 daAuts
     D:6: 1142 daAuts
     D:7: 1100 daAuts
     D:5: 1010 daAuts
     D:1: 852 daAuts
    D:11: 809 daAuts
     D:3: 744 daAuts
    D:10: 685 daAuts
     D:9: 636 daAuts
     D:4: 470 daAuts
     D:2: 419 daAuts
    D:12: 90 daAuts
  Temple: 77 daAuts
